Map: Lost and Found LE

Players

ShoWTimE - Winner!

  • Race: Protoss Protoss
  • Spawn Location: 7:00

SortOf

  • Race: Zerg Zerg
  • Spawn Location: 1:00

Event: WCS Valencia 2018

VOD

Have the link to the VOD?

Description

Time

  • Played on: July 12, 2018, 9:19 a.m.
  • Length: 8:00

All games in this series

Show
View Real Time Build Order
Export as new Build Order

ShoWTimE Protoss - Winner!

Build Orders: 1 Gate Expand, Oracle Opening, Phoenix Opening, Zealot Archon, Archon Drop 

Get SALT Encoding   

  12  0:00  Probe  
  13  0:12  Probe  
  14  0:18  Pylon  
  14  0:24  Probe  
  15  0:32  Probe  
  15  0:40  Gateway, Probe  
  16  0:46  Assimilator  
  17  0:51  Probe  
  18  1:03  Probe  
  19  1:15  Probe  
  20  1:25  Nexus  
  20  1:35  Cybernetics Core  
  20  1:38  Probe  
  21  1:45  Assimilator  
  21  1:50  Probe  
  21  1:53  Pylon  
  22  2:02  Probe  
  22  2:03  Adept  
  23  2:15  Probe  
  26  2:16  Stargate  
  26  2:24  Warp Gate  
  26  2:27  Probe  
  26  2:29  Adept  
  27  2:33  Probe  
  29  2:39  Probe  
  29  2:41  Probe  
  31  2:51  Probe x2  
  33  2:56  Adept, Phoenix  
  36  3:03  Probe x2  
  40  3:09  Oracle, Pylon  
  40  3:15  Probe x2  
  42  3:26  Assimilator  
  45  3:27  Probe  
  45  3:28  Probe  
  45  3:30  Assimilator  
  47  3:36  Gateway  
  47  3:39  Probe x2  
  49  3:48  Probe  
  49  3:49  Robotics Facility  
  49  3:51  Probe  
  51  3:56  Probe  
  51  4:00  Pylon  
  52  4:03  Probe  
  52  4:06  Twilight Council, Probe  
  54  4:18  Probe x2  
  56  4:27  Warp Prism  
  56  4:29  Gateway, Charge  
  56  4:30  Gateway  
  58  4:43  Templar Archives  
  55  4:49  Gateway x2  
  55  4:50  Zealot  
  57  4:54  Zealot  
  59  5:05  Pylon  
  55  5:16  Pylon  
  55  5:18  Nexus  
  55  5:24  Zealot  
  55  5:25  Zealot  
  55  5:28  Adept x2  
  63  5:34  Shield Battery  
  61  5:39  Pylon  
  55  5:46  Zealot  
  55  5:47  Zealot  
  58  5:52  High Templar x4  
  58  5:53  Probe  
  58  5:54  Probe  
  58  5:56  Archon x2  
  68  6:03  Pylon  
  68  6:04  Shield Battery  
  68  6:14  Pylon  
  68  6:19  Zealot x2  
  68  6:22  Probe x2  
  68  6:25  High Templar x4  
  82  6:30  Probe, Pylon  
  82  6:32  Archon x2  
  83  6:34  Probe  
  83  6:38  Probe  
  75  6:42  Probe  
  75  6:46  Probe  
  75  6:50  Gateway, High Templar x2, Probe  
  75  6:51  Zealot  
  82  6:54  Gateway, Probe  
  82  6:55  Archon  
  82  6:56  Zealot x2  
  82  6:57  Zealot  
  82  6:59  Probe  
  90  7:03  Probe  
  90  7:04  Forge  
  90  7:07  Probe  
  92  7:11  Probe  
  92  7:15  Probe, Pylon  
  94  7:23  Zealot, High Templar x2  
  94  7:24  Zealot x3  
  94  7:27  Pylon, Probe  
  94  7:28  Archon  
  107  7:37  Assimilator  
  107  7:38  Assimilator  
  107  7:45  Zealot x5  
Show
View Real Time Build Order
Export as new Build Order

SortOf Zerg 

Build Orders: Hatch First 

Get SALT Encoding   

  12  0:00  Drone  
  13  0:12  Overlord  
  13  0:17  Drone  
  14  0:31  Drone  
  14  0:32  Drone  
  16  0:48  Hatchery  
  15  0:52  Drone  
  15  0:55  Drone  
  17  0:59  Drone  
  18  1:09  Extractor  
  17  1:14  Spawning Pool  
  17  1:16  Drone  
  17  1:20  Drone  
  18  1:28  Drone  
  19  1:45  Drone  
  20  1:50  Drone  
  21  2:00  Overlord  
  21  2:01  Queen x2  
  21  2:02  Zergling x2  
  26  2:11  Drone x2  
  28  2:18  Metabolic Boost  
  28  2:22  Drone x2  
  30  2:36  Hatchery  
  29  2:41  Drone  
  29  2:43  Drone  
  31  2:45  Overlord  
  31  2:47  Drone  
  32  2:54  Zergling x2  
  32  2:55  Zergling x2  
  34  2:59  Queen  
  34  3:04  Drone  
  37  3:10  Evolution Chamber  
  37  3:11  Drone  
  39  3:12  Drone x2  
  39  3:13  Drone  
  39  3:17  Overlord  
  40  3:23  Drone  
  41  3:31  Drone x2  
  43  3:35  Queen  
  43  3:36  Zerg Melee Weapons Level 1  
  43  3:41  Spore Crawler  
  44  3:43  Overlord  
  44  3:48  Queen  
  46  3:50  Drone  
  46  3:51  Drone x3  
  50  3:56  Spore Crawler  
  50  3:58  Drone  
  50  4:05  Drone x5  
  55  4:12  Spore Crawler  
  54  4:20  Drone x3  
  54  4:24  Zergling x6  
  58  4:28  Overlord  
  58  4:30  Drone  
  57  4:35  Drone x3  
  57  4:36  Drone  
  57  4:45  Overlord  
  57  4:47  Zergling x16  
  65  5:04  Queen  
  64  5:07  Drone x2  
  64  5:08  Lair, Drone x2  
  64  5:13  Queen  
  69  5:16  Baneling Nest  
  69  5:17  Overlord  
  69  5:19  Drone x5  
  72  5:29  Drone  
  72  5:30  Drone  
  72  5:34  Zergling x4  
  72  5:36  Overlord  
  72  5:41  Zergling x12  
  76  5:51  Zergling x12  
  81  5:57  Extractor  
  81  5:58  Extractor  
  81  5:59  Hatchery  
  81  6:02  Overlord  
  81  6:04  Zergling x8  
  82  6:11  Queen  
  81  6:21  Drone x10  
  81  6:25  Extractor  
  90  6:28  Drone  
  90  6:29  Overlord, Drone  
  90  6:30  Drone x2  
  94  6:37  Zergling x2  
  90  6:42  Drone  
  90  6:43  Drone  
  88  6:48  Hydralisk Den  
  88  6:49  Extractor  
  88  6:50  Extractor  
  88  6:52  Hatchery  
  84  6:55  Zergling x14  
  91  7:04  Drone  
  91  7:05  Drone  
  91  7:07  Drone x5  
  98  7:17  Drone x7  
  102  7:24  Overlord  
  102  7:25  Overseer  
  102  7:26  Hydralisk  
  104  7:31  Baneling x8  
  104  7:39  Overlord  
Tags
 
Add a new tag
Caveats
  • Supply blocks, unpowered buildings, or Contaminate may cause inaccurate times.
  • Supply counts are checked every 10 seconds.